 Dungeon Crawl Stone Soup version 0.31-a0-157-g0643eb4156 (webtiles) character file.

Game seed: 1529336045846621435

302 qw the Shooter (level 6, -2/38 HPs)
             Began as a Gargoyle Hunter on June 12, 2023.
             Slain by an orc warrior
             ... wielding a +0 dire flail
              (14 damage)
             ... on level 3 of the Dungeon.
             The game lasted 00:00:54 (2350 turns).

qw the Shooter (Gargoyle Hunter)                    Turns: 2350, Time: 00:00:54

Health: -2/38      AC:  7    Str: 14    XL:     6   Next: 37%
Magic:  6/6        EV: 11    Int: 10    God:
Gold:   144        SH:  5    Dex: 15    Spells: 5/5 levels left

rFire   . . .        p - +0 orcbow
rCold   . . .        (shield currently unavailable)
rNeg    + . .        c - +0 leather armour
rPois   inf          (no helmet)
rElec   +            (no cloak)
rCorr   .            (no gloves)
SInv    +            (no boots)
Will    +....        i - amulet of reflection
Stlth   ++           b - ring of willpower
HPRegen 0.26/turn    g - ring of see invisible
MPRegen 0.10/turn

%: reflection
@: no status effects
A: sickness immunity, AC +4, negative energy resistance 1, electricity
resistance, torment resistance 1, petrification resistance
a: no special abilities


You were on level 3 of the Dungeon.
You visited 1 branch of the dungeon, and saw 3 of its levels.

You collected 144 gold pieces.


Innate Abilities, Weirdness & Mutations

You are immune to sickness and miasma.
Your stone body is resilient. (AC +4)
You are immune to poison.
You resist negative energy. (rN+)
You are resistant to electric shocks. (rElec)
You are resistant to unholy torment.
You are immune to petrification.


   Skills:
 - Level 4.0 Fighting
 + Level 6.8 Ranged Weapons
 - Level 1.5 Dodging
 - Level 1.1 Stealth


You had 5 spell levels left.
You didn't know any spells.
Your spell library was empty.

Inventory:

Hand Weapons
 p - a +0 orcbow (weapon)
Armour
 c - a +0 leather armour (worn)
 o - a +0 ring mail
 r - a +0 cloak
Jewellery
 b - a ring of willpower (left hand)
 g - a ring of see invisible (right hand)
 i - an amulet of reflection (around neck)
Scrolls
 e - a scroll of identify
 n - a scroll of fear {unknown}
 q - a scroll of immolation {unknown}
Potions
 a - 2 potions of lignification
 d - a potion of might
 f - 2 potions of heal wounds
 h - a potion of ambrosia {unknown}
 j - a potion of mutation {unknown}
 k - 2 potions of enlightenment {unknown}
 l - 3 potions of haste {unknown}
 m - a potion of brilliance {unknown}

Dungeon Overview and Level Annotations

Branches:
Dungeon (3/15)

Altars:

Annotations:
D:3 1 transporter, qw's ghost, amateur NaHu


Message History

Enter note:
Enter note:
Enter note:
Enter note:
Enter note: You shoot an arrow.
The arrow hits the orc wizard but does no damage.
The orc shouts!
You shoot an arrow. The arrow hits the orc wizard!
You kill the orc wizard!
An orc warrior comes into view. It is wielding a +0 dire flail.
You shoot an arrow. The orc warrior shouts!
The arrow hits the orc.
The orc is lightly wounded.
You shoot an arrow. The arrow hits the orc!
You kill the orc!
You shoot an arrow.
The arrow hits the orc warrior but does no damage.
You shoot an arrow.
The arrow closely misses the orc warrior.
You shoot an arrow.
The arrow closely misses the orc warrior.
You shoot an arrow.
The arrow hits the orc warrior but does no damage.
The orc warrior hits you with a +0 dire flail!
You shoot an arrow. The arrow hits the orc warrior.
The orc warrior is lightly wounded.
The orc warrior hits you with a +0 dire flail!!
Ouch! That really hurt!
You shoot an arrow.
The arrow barely misses the orc warrior.
The orc warrior closely misses you.
You shoot an arrow.
The arrow closely misses the orc warrior.
You block the orc warrior's attack. The orc warrior closely misses you.
You shoot an arrow.
The arrow closely misses the orc warrior.
The orc warrior hits you with a +0 dire flail!
You die...

###################.
#...........@o..).).
##..################.
####..>..[.........#######
.....#...######..........#
. ####...#.# #.##.#####.#
. #####.# ####.##.# . 7.7
#..).%..# ####. #.#
#.##....## ###.... 7_7
#........# #......


You could see an orc warrior.

Vanquished Creatures
  A centaur (D:3)
  Ijyb (D:3)
  Jessica (D:3)
  2 orc wizards (D:3)
  4 adders
  An ufetubus (D:2)
  2 worms (D:3)
  2 dart slugs
  6 orcs (D:3)
  5 bats
  6 endoplasms
  2 giant cockroaches
  3 goblins
  4 hobgoblins
  2 jackals (D:2)
  2 quokkas
  2 ball pythons
  3 frilled lizards
  11 kobolds
  6 rats
66 creatures vanquished.

Notes
Turn   | Place    | Note
-------+----------+-------------------------------------------
     0 | D:1      | qw the Gargoyle Hunter began the quest for the Orb.
     0 | D:1      | Reached XP level 1. HP: 12/12 MP: 1/1
     0 | D:1      | 0 ||| qw: Version: 0.2-a-29-gc1b59c4
     0 | D:1      | 0 ||| qw: Game counter: 4137
     0 | D:1      | 0 ||| qw: Always use a shield: true
     0 | D:1      | 0 ||| qw: God list: Okawaru
     0 | D:1      | 0 ||| qw: Allow faded altars: false
     0 | D:1      | 0 ||| qw: Do Orc after D:15 true
     0 | D:1      | 0 ||| qw: Do second Lair branch before Depths: true
     0 | D:1      | 0 ||| qw: Lair rune preference: random
     0 | D:1      | 0 ||| qw: Plans: Normal, Zot:1-4, Slime:5, God:TSO, Crypt,
                  | Tomb, Abyss, Pan, Hells, Win
     0 | D:1      | 0 ||| PLANNING D:1-11
   305 | D:1      | Reached XP level 2. HP: 9/17 MP: 2/2
   945 | D:1      | 945 ||| UPGRADING to amulet of guardian spirit.
   950 | D:1      | 950 ||| UPGRADING to amulet of reflection.
   960 | D:1      | 960 ||| DROPPING amulet of guardian spirit.
   961 | D:1      | 961 ||| READING scroll labelled HICOBU QEDGH.
   962 | D:1      | 962 ||| READING 3 scrolls labelled XOSTIE RAQIOTA.
   963 | D:1      | 963 ||| READING 2 scrolls of identify.
   963 | D:1      | 963 ||| IDENTIFYING ruby potion
   964 | D:1      | 964 ||| DROPPING scroll of butterflies.
  1056 | D:2      | Reached skill level 5 in Ranged Weapons
  1056 | D:2      | Reached XP level 3. HP: 21/21 MP: 3/3
  1551 | D:2      | Reached skill level 3 in Fighting
  1627 | D:2      | 1627 ||| UPGRADING to ring of willpower.
  1628 | D:2      | 1628 ||| UPGRADING to ring of see invisible.
  1629 | D:2      | 1629 ||| DRINKING 2 smoky black potions.
  1650 | D:2      | 1650 ||| READING 2 scrolls of identify.
  1650 | D:2      | 1650 ||| IDENTIFYING red potion
  1715 | D:3      | Reached XP level 4. HP: 28/28 MP: 4/4
  1800 | D:3      | Noticed Jessica
  1804 | D:3      | Killed Jessica
  1973 | D:3      | Noticed a centaur
  1976 | D:3      | Killed a centaur
  1977 | D:3      | Reached skill level 6 in Ranged Weapons
  1977 | D:3      | Reached XP level 5. HP: 24/32 MP: 5/5
  2011 | D:3      | 2011 ||| SWAPPING to +0 orcbow.
  2012 | D:3      | 2012 ||| DROPPING +0 shortbow.
  2047 | D:3      | Found a transporter.
  2072 | D:3      | Found a faded altar of an unknown god.
  2108 | D:3      | Reached XP level 6. HP: 37/37 MP: 6/6
  2125 | D:3      | 2125 ||| Stepping ~*~*~tactically~*~*~ (outnumbered).
  2130 | D:3      | 2130 ||| Stepping ~*~*~tactically~*~*~ (outnumbered).
  2211 | D:3      | Noticed qw's ghost (amateur NaHu)
  2256 | D:3      | Noticed Ijyb
  2269 | D:3      | Killed Ijyb
  2340 | D:3      | Noticed an orc warrior
  2350 | D:3      | Slain by an orc warrior

Levels and vault maps discovered:
D:1:      wander_arrival_estate, layout_basic, minmay_distorted
D:2:      layout_loops_ring
D:3:      layout_loops_ring, ebering_ecumenical_altar_hall,
          gammafunk_ghost_smash, minmay_goblin_kobold_house, uniq_jessica,
          uniq_ijyb

Skill      XL: |  1  2  3  4  5  6 |
---------------+-------------------+-----
Ranged Weapons | 5 6 |  6.8
Fighting       | 3 4 |  4.0
Dodging        | |  1.5
Stealth        | |  1.1

Action                     |  1- 3 |  4- 6 || total
---------------------------+-------+-------++-------
   Fire: Shortbow          |   124 |    27 ||   151
         Orcbow            |       |    62 ||    62
    Use: Scroll            |     4 |       ||     4
         Potion            |     1 |       ||     1
 Armour: Leather armour    |     9 |    12 ||    21
  Dodge: Dodged            |    23 |    17 ||    40
  Block: Other             |     4 |     6 ||    10
         Reflection        |       |     2 ||     2

Table legend:
 A = Non-vault XP
 B = Vault XP
 C = Vault XP percentage of total XP
 D = Non-vault monster count
 E = Vault monster count
 F = Vault count percentage of total count
                 A         B        C        D         E       F
            +---------+---------+-------+---------+---------+-------
      Total |     343 |      89 |  20.6 |      56 |      10 |  15.2
            +---------+---------+-------+---------+---------+-------
        D:1 |      22 |       3 |  12.0 |      14 |       2 |  12.5
        D:2 |      53 |       0 |   0.0 |      19 |       0 |   0.0
        D:3 |     268 |      86 |  24.3 |      23 |       8 |  25.8
            +---------+---------+-------+---------+---------+-------
